AoeStats
← natkhattj

Arabia

510508086Analyzed
1v1 RM · 22h ago on Oct 1, 2026· 55m 26s· 2 players
Game mode
Random Map
Map size
Tiny (2 player)
Population
200
Speed
Normal
Resources
Standard
Victory
Conquest
Starting age
Dark Age
Ending age
Imperial Age
RankedLock teamsTeams togetherTeam positionsShared explorationLock speedFull tech treeHidden civsTurbo modeCheats
Victory
Defeat
🇨🇴 Maya · Colombia
1416
+16
🇮🇳 Britons · India
1425
-16
[KT] The Best
0:27 Loom
10:40 Feudal Age
11:13 Double-Bit Axe
11:36 Gold Mining
14:34 Fletching
16:25 Horse Collar
22:47 Castle Age
22:50 Crossbowman
23:35 Thumb Ring
23:27 Bodkin Arrow
23:34 Padded Archer Armor
24:01 Bow Saw
25:30 Wheelbarrow
25:22 Heavy Plow
26:41 Leather Archer Armor
27:32 Ballistics
27:31 Town Watch
28:02 Hand Cart
32:41 Treadmill Crane
36:00 Masonry
39:12 Imperial Age
36:49 Town Patrol
37:08 Scale Mail Armor
37:19 Forging
37:11 Squires
36:57 Arson
37:46 Hul'che Javelineers
38:24 Chain Mail Armor
37:33 Eagle Warrior
38:04 Elite Skirmisher
39:58 Bracer
41:00 Chemistry
40:22 Conscription
41:26 Ring Archer Armor
41:31 Plate Mail Armor
41:16 Guilds
41:00 Elite Eagle Warrior
43:05 Iron Casting
45:34 Blast Furnace
45:08 Architecture
44:12 Pikeman
44:55 Halberdier
49:24 Crop Rotation
48:45 Stone Mining
49:56 Two-Man Saw
55:05 Murder Holes
natkhattj
6:34 Loom
8:58 Feudal Age
12:59 Double-Bit Axe
16:46 Fletching
16:54 Horse Collar
17:23 Padded Archer Armor
22:38 Castle Age
21:33 Gold Mining
22:41 Crossbowman
23:22 Bodkin Arrow
23:10 Elite Skirmisher
23:20 Elite Skirmisher
24:19 Bow Saw
27:23 Leather Archer Armor
28:15 Fervor
29:27 Wheelbarrow
29:46 Heavy Plow
31:48 Ballistics
34:53 Imperial Age
32:27 Stone Mining
35:28 Hand Cart
35:36 Bracer
36:45 Chemistry
37:38 Gold Shaft Mining
38:13 Ring Archer Armor
39:12 Yeomen
38:45 Arbalester
40:20 Town Watch
41:37 Scale Barding Armor
41:43 Forging
42:45 Chain Barding Armor
41:49 Light Cavalry
42:29 Husbandry
42:49 Masonry
43:50 Iron Casting
43:34 Town Patrol
44:39 Plate Barding Armor
45:43 Two-Man Saw
46:04 Blast Furnace
47:50 Conscription
Connection lost

Rejoining the realm…

Still unreachable

The connection could not be restored.

Session expired

The server has moved on; the page needs a fresh start.